Map: Darkness Sanctuary LE

Players

Voltar - Winner!

  • Race: Zerg Zerg
  • League: Gold
  • Spawn Location: 7:00

Test

  • Race: Terran Terran
  • League: Platinum
  • Spawn Location: 5:00

VOD

Have the link to the VOD?

Description

Time

  • Played on: May 16, 2018, 6:19 p.m.
  • Length: 20:36
Show
View Real Time Build Order
Export as new Build Order

Voltar Zerg - Winner!

Build Orders: Hatch First 

Get SALT Encoding   

  12  0:01  Drone  
  13  0:13  Overlord  
  13  0:18  Drone  
  14  0:31  Drone x2  
  16  0:40  Drone  
  17  0:58  Drone  
  17  1:01  Hatchery  
  17  1:04  Drone  
  18  1:15  Spawning Pool  
  17  1:24  Drone  
  17  1:25  Drone  
  19  1:53  Extractor  
  18  1:54  Drone  
  19  2:02  Queen  
  19  2:03  Zergling x2  
  19  2:04  Overlord  
  23  2:15  Drone  
  23  2:17  Drone  
  23  2:19  Queen  
  26  2:33  Drone  
  27  2:38  Drone x2  
  29  2:45  Drone  
  30  2:52  Drone, Extractor  
  30  3:09  Zergling x2  
  33  3:15  Lair  
  33  3:16  Queen  
  33  3:20  Drone x3  
  35  3:40  Roach Warren  
  34  3:41  Drone  
  34  3:42  Drone  
  34  3:45  Overlord  
  34  3:46  Spine Crawler, Overlord  
  35  3:51  Extractor  
  34  3:58  Spine Crawler  
  34  4:00  Spore Crawler, Drone x2  
  34  4:01  Drone  
  35  4:15  Drone  
  36  4:22  Spine Crawler  
  36  4:23  Roach  
  36  4:24  Roach x2  
  41  4:25  Glial Reconstitution  
  41  4:27  Metabolic Boost  
  41  4:33  Spore Crawler  
  41  4:34  Drone  
  41  4:37  Spore Crawler  
  40  4:45  Drone x3  
  42  4:46  Drone  
  44  5:06  Hatchery  
  43  5:12  Evolution Chamber  
  43  5:13  Drone x3  
  45  5:16  Spine Crawler  
  45  5:19  Drone x2  
  46  5:32  Pneumatized Carapace  
  46  5:37  Evolution Chamber  
  46  5:41  Hydralisk Den  
  44  5:43  Drone x4  
  44  5:44  Roach  
  50  6:06  Roach  
  50  6:08  Overlord x4  
  50  6:09  Overlord  
  52  6:18  Drone  
  53  6:30  Hydralisk  
  55  6:38  Infestation Pit, Zerg Ground Armor Level 1  
  54  6:40  Zerg Missile Weapons Level 1  
  54  6:45  Muscular Augments  
  54  6:47  Hydralisk  
  54  6:51  Drone  
  54  6:52  Drone x6  
  54  6:53  Drone x2  
  65  6:58  Extractor  
  64  7:10  Spore Crawler  
  63  7:17  Drone x3  
  63  7:20  Spore Crawler  
  65  7:42  Hydralisk x3  
  65  7:43  Hydralisk x5  
  81  7:45  Zergling x2  
  81  7:46  Zergling x2  
  83  7:54  Drone, Queen  
  83  7:57  Grooved Spines  
  85  8:11  Hydralisk x5  
  95  8:23  Spore Crawler  
  94  8:30  Queen  
  96  8:35  Drone  
  96  8:38  Overlord x2  
  96  8:39  Overlord  
  97  8:46  Spore Crawler  
  96  8:50  Spore Crawler  
  96  8:51  Overlord x2  
  95  9:02  Drone x3  
  98  9:09  Spore Crawler  
  97  9:13  Hydralisk x3  
  97  9:16  Hydralisk x3  
  109  9:18  Zerg Ground Armor Level 2  
  109  9:22  Zerg Missile Weapons Level 2  
  109  9:32  Hive  
  109  10:08  Hatchery, Spore Crawler, Drone x3  
  109  10:09  Hydralisk x7  
  109  10:10  Hydralisk  
  109  10:14  Zergling x8  
  130  10:50  Hatchery  
  125  11:08  Hydralisk x5  
  125  11:09  Hydralisk  
  125  11:10  Overlord  
  125  11:11  Overlord x6  
  136  11:39  Drone x2  
  138  11:40  Queen  
  140  11:55  Queen  
  140  11:57  Ultralisk Cavern  
  140  11:59  Zerg Ground Armor Level 3  
  140  12:00  Zerg Missile Weapons Level 3  
  141  12:04  Spine Crawler  
  140  12:12  Spore Crawler  
  140  12:13  Drone x3  
  140  12:15  Drone x2  
  144  12:16  Queen x2  
  148  12:38  Overlord  
  148  12:39  Overlord x4  
  148  12:44  Chitinous Plating  
  148  12:46  Ultralisk  
  148  12:47  Ultralisk  
  148  12:49  Drone x2  
  162  12:52  Drone x2, Queen  
  166  13:11  Ultralisk x2  
  174  13:35  Ultralisk  
  174  13:37  Zergling x14  
  174  13:38  Zergling x14  
  174  13:39  Zergling x6  
  174  13:40  Zergling x2  
  164  13:42  Zergling x2  
  117  14:09  Ultralisk  
  114  14:22  Ultralisk x2  
  114  14:23  Zergling x4  
  114  14:24  Zergling x14  
  117  14:25  Zergling x6  
  114  14:39  Ultralisk  
  120  14:45  Spine Crawler  
  120  14:46  Spine Crawler  
  118  15:15  Ultralisk  
  118  15:16  Ultralisk  
  118  15:17  Zergling x8  
  118  15:18  Zergling x14  
  118  15:19  Zergling x8  
  140  15:32  Hydralisk x3  
  146  15:47  Extractor  
  146  15:49  Extractor  
  144  16:09  Hatchery  
  143  16:32  Ultralisk x2  
  161  16:33  Ultralisk  
  139  17:07  Ultralisk x2  
  139  17:08  Zergling x8  
  137  17:49  Hydralisk  
  137  17:50  Hydralisk x6  
  137  17:51  Hydralisk x3  
  151  17:53  Zergling x12  
  151  17:54  Zergling x2  
  151  17:57  Drone x3  
  167  17:59  Queen  
  167  18:04  Drone x2  
  167  18:05  Drone  
  172  18:38  Ultralisk  
  172  18:39  Ultralisk, Hydralisk x3  
  190  18:49  Spine Crawler  
  190  18:50  Spore Crawler  
  188  19:06  Drone x3  
  191  19:11  Extractor  
  191  19:12  Queen  
  191  19:14  Extractor  
  191  19:33  Ultralisk  
  191  19:35  Hydralisk  
  191  19:37  Hatchery  
  198  19:48  Queen  
  195  20:11  Hydralisk  
  195  20:12  Hydralisk  
  197  20:16  Zergling x6  
  197  20:17  Zergling x14  
  197  20:18  Zergling x14  
  197  20:19  Zergling x6  
Show
View Real Time Build Order
Export as new Build Order

Test Terran 

Build Orders:  

Get SALT Encoding   

  12  0:00  SCV  
  13  0:12  SCV  
  14  0:24  Supply Depot  
  14  0:26  SCV  
  15  0:32  Refinery  
  15  0:45  SCV  
  16  0:59  Barracks  
  16  1:01  SCV  
  17  1:29  Command Center  
  17  1:35  SCV  
  18  1:46  Marine  
  19  1:47  SCV  
  20  1:57  Supply Depot  
  20  2:00  SCV  
  21  2:04  Marine  
  22  2:19  Factory  
  22  2:22  Marine  
  23  2:39  Marine  
  23  2:42  Barracks  
  24  2:45  Orbital Command  
  24  2:56  SCV  
  25  2:59  Marine  
  25  3:03  Factory Tech Lab  
  26  3:11  Orbital Command  
  26  3:16  SCV  
  27  3:20  Marine  
  27  3:25  Hellion  
  30  3:29  Marine  
  30  3:38  Marine  
  30  3:41  Refinery  
  31  3:44  SCV x2  
  31  3:46  Hellion  
  35  3:49  Barracks Tech Lab  
  35  3:56  Barracks Reactor  
  35  4:02  SCV  
  36  4:03  SCV, Starport  
  36  4:08  Hellion  
  39  4:14  SCV  
  39  4:16  SCV  
  41  4:27  SCV  
  41  4:28  SCV  
  43  4:35  Marine x2  
  45  4:39  SCV  
  46  4:46  Command Center  
  46  4:55  Armory  
  46  4:58  Engineering Bay  
  46  5:15  Supply Depot x2  
  46  5:17  Starport Tech Lab  
  46  5:24  Starport  
  46  5:37  Marine x2, SCV x2  
  50  5:44  Armory  
  50  5:49  Marine, SCV  
  52  5:52  Hellion  
  52  5:54  Marine x2  
  56  5:58  Refinery  
  56  6:08  Marine  
  57  6:13  Siege Tank, Marauder  
  57  6:15  Starport Tech Lab  
  62  6:18  Factory  
  62  6:24  Refinery  
  62  6:36  Engineering Bay  
  62  6:37  SCV  
  62  6:38  SCV  
  64  6:40  Supply Depot  
  64  6:46  Marine x3  
  67  6:48  Siege Tank  
  67  6:49  SCV  
  67  6:50  SCV  
  67  6:53  Terran Vehicle Weapons Level 1  
  72  6:59  Cloaking Field  
  72  7:04  Supply Depot  
  72  7:29  Marine x2  
  74  7:32  SCV x2  
  76  7:38  Marine  
  76  7:40  Siege Tank  
  76  7:44  Sensor Tower, SCV  
  81  7:46  Marine  
  81  7:47  Marine, Factory Reactor  
  83  7:56  Marine  
  83  7:57  SCV x2  
  86  8:04  Marine  
  83  8:09  SCV x2  
  83  8:10  Terran Infantry Weapons Level 1  
  83  8:12  Siege Tank, Terran Infantry Armor Level 1  
  86  8:18  Marine x2  
  88  8:21  SCV  
  88  8:25  Raven  
  91  8:32  Barracks  
  91  8:33  Barracks  
  91  8:37  Orbital Command  
  91  8:41  Marine  
  92  8:42  Marine  
  92  8:43  Missile Turret  
  93  8:51  Supply Depot x2  
  93  8:53  Terran Vehicle Weapons Level 2  
  93  8:54  Supply Depot  
  93  8:55  Supply Depot x2  
  93  9:12  Marine x3  
  93  9:13  SCV x3, Siege Tank, Banshee  
  105  9:25  SCV x2  
  105  9:27  Medivac  
  105  9:30  Marine x3  
  112  9:39  Supply Depot  
  112  9:42  Command Center, Supply Depot  
  112  9:45  Siege Tank  
  115  9:48  Marine  
  115  9:49  Barracks Reactor x2  
  115  9:50  Marine x2  
  115  9:51  Stimpack  
  118  10:06  Marine  
  119  10:08  Marine  
  119  10:09  Marauder  
  122  10:24  Marine  
  122  10:26  Marine  
  124  10:30  Marauder  
  124  10:32  Marine x3  
  124  10:33  Marine  
  129  10:42  Marine  
  130  10:43  Sensor Tower  
  130  10:44  Marine  
  131  10:50  Marine x4  
  131  10:51  Marauder  
  137  10:59  Marine  
  137  11:01  Marine  
  139  11:08  Marine x4  
  143  11:13  Marauder  
  143  11:17  Marine  
  145  11:19  Marine  
  145  11:23  Siege Tank  
  149  11:43  Terran Vehicle Weapons Level 3, Terran Vehicle And Ship Armor Level 1  
  149  11:44  Supply Depot  
  149  11:46  Supply Depot  
  149  11:47  Supply Depot  
  149  11:50  Supply Depot x2  
  149  11:51  Supply Depot  
  149  11:53  Supply Depot  
  149  12:02  Terran Infantry Weapons Level 2  
  149  12:07  Marine  
  149  12:08  Marine x3, Siege Tank, Marauder  
  157  12:11  Marine x2  
  160  12:25  Marine  
  160  12:26  Marine x3, Terran Infantry Armor Level 2  
  160  12:27  Command Center  
  160  12:29  Marine x3  
  167  12:32  Command Center  
  167  12:34  Supply Depot  
  167  12:35  Refinery, Supply Depot  
  167  12:36  Supply Depot  
  167  12:40  SCV, Siege Tank  
  167  12:43  Marine  
  167  12:44  Marine x3  
  175  12:45  Refinery  
  175  12:47  Marine x2  
  177  12:53  Marine  
  178  13:01  Marine x3  
  181  13:06  Marine x3  
  187  13:12  Siege Tank  
  187  13:13  Marine  
  187  13:19  Marine x3  
  165  13:40  Marine x3  
  165  13:41  Marine  
  136  13:43  Marine x3  
  136  13:44  Siege Tank  
  100  13:53  Orbital Command  
  88  13:58  Marine  
  88  13:59  Marine x3  
  88  14:00  Marine x2  
  90  14:16  Marine  
  90  14:17  Marine x2, Siege Tank  
  87  14:26  Terran Infantry Weapons Level 3  
  83  14:41  SCV  
  83  14:42  SCV  
  83  14:44  Marine x5  
  93  14:54  Marine x2  
  95  15:02  Marine x5  
  100  15:07  Thor  
  100  15:12  Marine x2  
  103  15:19  Marine  
  103  15:20  Marine x4  
  106  15:23  Orbital Command  
  106  15:25  SCV x2  
  108  15:29  Marine x2  
  110  15:37  SCV x2, Marine x2  
  110  15:38  Marine x3  
  117  15:49  SCV  
  118  15:50  Orbital Command, Thor  
  124  16:03  Marine x5  
  129  16:17  SCV x2  
  131  16:28  Sensor Tower  
  131  16:31  Refinery  
  131  16:33  Refinery, Thor  
  137  16:44  Sensor Tower  
  137  16:46  SCV  
  138  16:47  SCV x2  
  140  16:58  SCV  
  140  16:59  SCV  
  98  17:15  Thor  
  98  17:21  Marine  
  98  17:22  Marine x3  
  92  17:28  Liberator x2  
  92  17:58  Thor  
  98  18:09  Marine x5  
  98  18:10  Marine, Liberator, Marauder  
  106  18:20  Command Center  
  106  18:27  Marine x3  
  112  18:35  Marine x2  
  114  18:41  Thor  
  114  18:46  Refinery  
  119  18:53  Marine x2, Liberator x2  
  122  19:21  Marine x4  
  126  19:24  Thor  
  126  19:26  Marine x2  
  126  19:27  Marine  
  135  19:39  Marine x4  
  135  19:44  Marine x3  
  142  19:57  Marine x4  
  148  20:02  Marine x2  
  148  20:03  Marauder  
  131  20:14  Marine  
Tags
 
Add a new tag
Caveats
  • Supply blocks, unpowered buildings, or Contaminate may cause inaccurate times.
  • Supply counts are checked every 10 seconds.